 Dungeon Crawl Stone Soup version 0.23.2-40-g277498a001 (webtiles) character file.

Game seed: 10004298654486267752

136676 Frank2 the Severer (level 16, 0/139 HPs)
             Began as a Demigod Gladiator on Sept 4, 2019.
             Splashed by an acid blob's acid (13 damage)
             ... on level 1 of the Pits of Slime.
             The game lasted 00:57:09 (27217 turns).

Frank2 the Severer (Demigod Gladiator)             Turns: 27217, Time: 00:57:09

Health: 0/139      AC: 12    Str: 28    XL:     16   Next: 17%
Magic:  13/28      EV: 23    Int: 18    God:
Gold:   377        SH:  5    Dex: 33    Spells: 15/15 levels left

rFire    . . .     SeeInvis .   C - +5 battleaxe of Muegevup {venom, +Fly rN+ Int+4 Dex+3}
rCold    . . .     Gourm    .   (shield currently unavailable)
rNeg     + . .     Faith    .   e - +5 ring mail of the Moon Troll {*Slow rPois Int+2 Dex+7}
rPois    +         Spirit   .   o - +2 helmet
rElec    .         Reflect  +   g - +2 cloak {+Inv}
rCorr    .         Harm     .   U - +0 pair of gloves {Str+3}
MR       +....                  N - +1 pair of boots {Stlth+}
Stlth    +++.......             z - +5 amulet of reflection
HPRegen  0.33/turn              n - +6 ring of protection
MPRegen  0.21/turn              u - +6 ring of strength

@: corroded, slowed, very slow
A: clumsy 1, high mp 1
a: Evoke Invisibility, Evoke Flight


You were on level 1 of the Pits of Slime.
You were not hungry.

You visited 6 branches of the dungeon, and saw 26 of its levels.
You also visited: Ossuary and Gauntlet.

You collected 2919 gold pieces.
You spent 2542 gold pieces at shops.

Inventory:

Hand Weapons
 C - the +5 battleaxe of Muegevup (weapon) {venom, +Fly rN+ Int+4 Dex+3}
   (You bought it in a shop on level 15 of the Dungeon)

   It poisons the flesh of those it strikes.
   It affects your intelligence (+4).
   It affects your dexterity (+3).
   It protects you from negative energy.
   It lets you fly.
 M - a +4 broad axe of chopping
Armour
 e - the +5 ring mail of the Moon Troll (worn) {*Slow rPois Int+2 Dex+7}
   (You found it on level 14 of the Dungeon)

   It affects your intelligence (+2).
   It affects your dexterity (+7).
   It protects you from poison.
   It may slow you when you take damage.
 g - a +2 cloak of invisibility (worn)
 i - the +3 plate armour of Impermeability {rN+ Str+3 Int+4}
   (You bought it in a shop on level 2 of the Orcish Mines)

   It affects your strength (+3).
   It affects your intelligence (+4).
   It protects you from negative energy.
 o - a +2 helmet (worn)
 N - a +1 pair of boots of stealth (worn)
 R - a scarf of resistance
 U - a +0 pair of gloves of strength (worn)
Jewellery
 n - a +6 ring of protection (left hand)
 p - an uncursed ring of protection from magic {unknown}
 u - a +6 ring of strength (right hand)
 y - an uncursed ring of fire {unknown}
 z - a +5 amulet of reflection (around neck)
 D - a cursed amulet of inaccuracy {unknown}
 H - a +5 ring of intelligence
 L - an uncursed ring of wizardry {unknown}
 S - an uncursed ring of magical power {unknown}
Wands
 d - a wand of flame (12)
 q - a wand of paralysis (46)
 K - a wand of scattershot (10)
 P - a wand of disintegration (4)
Scrolls
 a - 2 scrolls of fog
 c - 11 scrolls of remove curse
 k - 6 scrolls of teleportation
 v - a scroll of fear
 F - a scroll of silence
 I - 2 scrolls of identify
 J - 2 scrolls of blinking
 O - a scroll of acquirement {unknown}
Potions
 b - 5 potions of flight
 h - 12 potions of curing
 j - 3 potions of haste
 l - 5 potions of lignification
 r - 2 potions of invisibility
 s - 3 potions of resistance
 t - 3 potions of mutation
 w - a potion of agility
 x - 2 potions of ambrosia
 B - a potion of cancellation
 E - 2 potions of brilliance
Miscellaneous
 G - a phial of floods
 Q - a lamp of fire (inert)
Comestibles
 f - 62 rations


   Skills:
 + Level 12.3 Fighting
 + Level 18.7 Axes
 - Level 1.7 Throwing
 + Level 7.5 Armour
 + Level 9.8 Dodging
 * Level 11.0 Evocations


You had 15 spell levels left.
You didn't know any spells.
Your spell library contained the following spells:

 Spells                   Type           Power        Failure   Level  Hunger
 Beastly Appendage        Tmut           #.....       30%         1    ##.....
 Corona                   Hex            #......      30%         1    ##.....
 Infusion                 Chrm           #...         30%         1    ##.....
 Magic Dart               Conj           #...         30%         1    ##.....
 Blink                    Tloc           N/A          41%         2    ###....
 Searing Ray              Conj           #.....       41%         2    ###....
 Shroud of Golubria       Chrm/Tloc      #.........   41%         2    ###....
 Slow                     Hex            #.......     41%         2    ###....
 Song of Slaying          Chrm           #.......     41%         2    ###....
 Sticks to Snakes         Tmut           #.......     41%         2    ###....
 Dazzling Spray           Conj/Hex       #.....       65%         3    ####...
 Gell's Gravitas          Tloc           #.........   65%         3    ####...
 Inner Flame              Hex/Fire       #.......     65%         3    ####...
 Lesser Beckoning         Tloc           #.........   65%         3    ####...
 Portal Projectile        Hex/Tloc       #.....       65%         3    ####...
 Regeneration             Chrm/Necr      #.........   65%         3    ####...
 Spectral Weapon          Hex/Chrm       #.......     65%         3    ####...
 Spider Form              Tmut/Pois      #.........   65%         3    ####...
 Summon Guardian Golem    Hex/Summ       #.......     65%         3    ####...
 Teleport Other           Tloc           #.......     65%         3    ####...
 Cause Fear               Hex            #.........   96%         4    #####..
 Force Lance              Conj/Tloc      #.......     96%         4    #####..
 Fulminant Prism          Conj/Hex       #.........   96%         4    #####..
 Ice Form                 Ice/Tmut       #.......     96%         4    #####..
 Iskenderun's Mystic Bla  Conj           #.......     96%         4    #####..
 Leda's Liquefaction      Hex/Erth       #.........   96%         4    #####..
 Passage of Golubria      Tloc           N/A          96%         4    #####..
 Summon Ice Beast         Ice/Summ       #.......     96%         4    #####..
 Blade Hands              Tmut           #.........   100%        5    ######.
 Silence                  Hex/Air        #.........   100%        5    ######.
 Yara's Violent Unravell  Hex/Tmut       #.........   100%        5    ######.
 Deflect Missiles         Chrm/Air       #.........   100%        6    #######
 Shadow Creatures         Summ           N/A          100%        6    #######
 Discord                  Hex            #.........   100%        8    #######


Dungeon Overview and Level Annotations

Branches:
Dungeon (15/15)            Temple (0/1) D:4            Lair (6/6) D:10
 Shoals (0/4) Lair:3        Snake (1/4) Lair:4        Slime (1/5) Lair:6
    Orc (2/2) D:12            Elf (1/3) Orc:2        Vaults (0/5) D:14
 Depths (0/5) D:15

Shops:
D:8 (   D:12 [*   D:15 (   Orc:2 !([%   Elf:1 %}%(

Annotations:
D:5 1 runed translucent door
D:9 3 runed translucent doors, jaiteiro's ghost, novice MiFi
Lair:6 exclusion: oklob plant
Snake:1 3 runed translucent doors, Jol Kept's ghost, adept FoFi


Innate Abilities, Weirdness & Mutations

You have an increased reservoir of magic. (+10% MP)
You are clumsy. (Dex -2)


Message History

You are splashed with acid!
You block the acid blob's attack. The acid blob spits acid at you.
The splash of acid hits you.
You are splashed with acid!
You are too injured to fight recklessly!
You are too injured to fight recklessly!
The acid blob barely misses you. The acid blob spits acid at you.
The splash of acid hits you! The acid corrodes you!
You are splashed with acid!
* * * LOW HITPOINT WARNING * * *
The eye of draining gazes at you.
You feel your power leaking away. The acid blob spits acid at you.
The splash of acid hits you!
* * * LOW HITPOINT WARNING * * *
The acid corrodes you!
You are splashed with acid!
* * * LOW HITPOINT WARNING * * *
The acid blob spits acid at you.
The splash of acid hits you but does no damage.
The acid corrodes you!
You are splashed with acid!
You die...

....##..........#
.................
#.........>.....#
#...............
#..............
#....G.J......
#.G##..J.........
.....J..@<.......
#................
.#.J......J.##...
............G.# .
.#..............
#............##
##.........###
........###


You could see 5 acid blobs, an eye of devastation and 2 eyes of draining.

Vanquished Creatures
  Kirke (Lair:5)
  A nagaraja (Snake:1)
  3 orc warlords
  A deep elf demonologist (Elf:1)
  A dire elephant (Lair:6)
  A fire dragon (Lair:6)
  A hydra (Lair:1)
  A naga warrior (Snake:1)
  5 vault guards (D:14)
  A catoblepas (D:12)
  2 centaur warriors
  3 anacondas
  5 dancing weapons (Elf:1)
  5 two-headed ogres
  5 death yaks (D:10)
  2 orc high priests (Orc:2)
  Urug (Lair:2)
  6 deep elf knights (Elf:1)
  4 naga sharpshooters (Snake:1)
  A sun demon (Gauntlet)
  A salamander mystic (Snake:1)
  2 skeletal warriors (D:14)
  2 unseen horrors
  3 naga ritualists (Snake:1)
  8 deep elf archers (Elf:1)
  A lindwurm (Lair:6)
  2 wizards (D:15)
  4 mana vipers (Snake:1)
  6 orc knights
  Pikel (D:7)
  2 necromancers
  2 orc sorcerers
  28 deep elf magi (Elf:1)
  3 manticores (D:12)
  4 ugly things
  A worldbinder (Gauntlet)
  2 cyclopes
  2 salamanders (Snake:1)
  Psyche (D:8)
  21 black mambas
  5 torpor snails (Lair:6)
  9 naga magi
  10 elephants
  3 centaur zombies (D:15)
  3 gargoyles
  13 spiny frogs
  3 rime drakes
  12 komodo dragons
  A kobold demonologist (D:15)
  A hellion (Gauntlet)
  8 trolls
  3 meliai (D:13)
  4 tyrant leeches (Lair:6)
  A wind drake (shapeshifter) (Elf:1)
  15 polar bears
  A raiju (Lair:6)
  9 hornets
  A meliai zombie (D:14)
  7 hippogriffs
  4 shadows
  4 air elementals (Elf:1)
  A vampire (D:12)
  2 wraiths
  5 wyverns
  A centaur simulacrum (D:15)
  19 yaks
  2 water elementals
  2 fire elementals (Elf:1)
  8 hogs
  4 basilisks
  8 humans
  2 hungry ghosts (D:12)
  Grum (D:8)
  6 vampire mosquitoes
  15 nagas (Snake:1)
  11 wargs
  Duvessa (D:7)
  14 hell hounds (Lair:6)
  5 porcupines
  10 water moccasins
  A floating eye (Elf:1)
  53 orc warriors
  14 black bears
  3 ice beasts
  16 ogres
  3 phantoms
  A sky beast (D:6)
  A boggart (Gauntlet)
  38 wolves
  15 centaurs
  10 crocodiles
  7 big kobolds
  16 bullfrogs
  An earth elemental (Elf:1)
  A gnoll sergeant (D:12)
  A wyvern zombie (D:14)
  3 water moccasin zombies (Ossuary)
  A wyvern skeleton (D:12)
  Dowan (D:7)
  6 scorpions
  9 killer bees (D:13)
  4 troll zombies (D:12)
  9 wights
  3 howler monkeys
  An electric eel (D:15)
  4 bullfrog zombies
  6 crimson imps
  5 jellies
  30 orc priests
  6 hounds
  27 orc wizards
  3 bullfrog skeletons
  3 centaur skeletons
  9 worker ants
  6 iguanas
  2 big kobold zombies (Ossuary)
  4 ogre zombies (D:12)
  A hound skeleton (D:5)
  2 mummies (Ossuary)
  A worker ant zombie (D:6)
  5 gnolls (D:12)
  11 adders
  A shadow imp (D:11)
  An ooze (Lair:6)
  An adder skeleton (D:9)
  11 adder zombies
  4 worms
  2 dart slugs
  3 leopard geckos
  132 orcs
  3 ball pythons
  5 giant cockroaches
  A gnoll zombie (Ossuary)
  12 goblins
  6 hobgoblins
  10 jackals
  17 kobolds
  5 quokkas
  9 bats
  9 frilled lizards
  3 goblin zombies (D:12)
  7 hobgoblin zombies
  2 kobold zombies (Ossuary)
  3 orc skeletons (D:12)
  24 orc zombies
  A quokka skeleton (D:4)
  11 rats
  2 fungi
  8 plants
1016 creatures vanquished.

Vanquished Creatures (collateral kills)
  A minotaur (Gauntlet)
1 creature vanquished.

Vanquished Creatures (others)
  Harold (D:7)
  2 slaves (D:7)
  A centaur (D:7)
  An ogre (D:7)
  An orc priest (Orc:1)
  An orc (D:7)
  An orc zombie (D:12)
  3 demonic plants (Gauntlet)
  19 plants
30 creatures vanquished.

Grand Total: 1047 creatures vanquished

Notes
Turn   | Place    | Note
-------+----------+-------------------------------------------
     0 | D:1      | Frank2 the Demigod Gladiator began the quest for the Orb.
     0 | D:1      | Reached XP level 1. HP: 17/17 MP: 3/3
   227 | D:1      | Reached XP level 2. HP: 16/24 MP: 4/4
   253 | D:1      | Reached skill level 3 in Axes
   705 | D:1      | Reached XP level 3. HP: 29/29 MP: 5/5
   981 | D:2      | Found a white marble altar of Elyvilon.
  1045 | D:2      | Found a basalt altar of Yredelemnul.
  1228 | D:2      | Reached XP level 4. HP: 23/37 MP: 6/6
  1384 | D:2      | Reached skill level 4 in Axes
  1422 | D:2      | Reached skill level 1 in Armour
  2070 | D:3      | Reached XP level 5. HP: 33/42 MP: 7/7
  2549 | D:3      | HP: 2/42 [orc priest/+0 whip (6)]
  2814 | D:4      | Reached skill level 5 in Axes
  2873 | D:4      | Found a staircase to the Ecumenical Temple.
  2882 | D:4      | Reached XP level 6. HP: 38/50 MP: 8/8
  3920 | D:4      | Reached XP level 7. HP: 53/57 MP: 9/9
  4054 | D:5      | Entered Level 5 of the Dungeon
  4096 | D:5      | Reached skill level 6 in Axes
  4199 | D:5      | Found a white marble altar of Elyvilon.
  4200 | D:5      | Found a runed translucent door.
  4200 | D:5      | Noticed an angel
  4444 | D:5      | Found an opulent altar of Gozag.
  4628 | D:6      | Found an ancient bone altar of Kikubaaqudgha.
  4667 | D:6      | Found a sand-covered staircase.
  4675 | Ossuary  | Entered an ossuary
  4868 | Ossuary  | Reached skill level 7 in Axes
  4871 | Ossuary  | Reached XP level 8. HP: 51/64 MP: 10/10
  5538 | D:6      | Found a deep blue altar of Sif Muna.
  5598 | D:7      | Noticed Dowan
  5599 | D:7      | Noticed Duvessa
  5610 | D:7      | Killed Dowan
  5610 | D:7      | Reached skill level 8 in Axes
  5610 | D:7      | Killed Duvessa
  5759 | D:7      | Noticed Harold
  5759 | D:7      | Noticed Pikel
  6009 | D:7      | Killed Pikel
  6013 | D:7      | Killed Harold
  6013 | D:7      | Reached skill level 9 in Axes
  6013 | D:7      | Reached skill level 5 in Dodging
  6013 | D:7      | Reached XP level 9. HP: 26/73 MP: 10/12
  6270 | D:7      | Reached skill level 5 in Fighting
  6297 | D:7      | Reached skill level 10 in Axes
  6527 | D:8      | Noticed Grum
  7220 | D:8      | Killed Grum
  7305 | D:8      | Reached skill level 1 in Evocations
  7312 | D:8      | Found a stormy altar of Qazlal.
  7376 | D:8      | Found Sefud's Antique Weapon Boutique.
  7423 | D:8      | Reached skill level 5 in Armour
  7423 | D:8      | Reached XP level 10. HP: 75/83 MP: 14/14
  7477 | D:8      | Noticed Psyche
  7498 | D:8      | Killed Psyche
  8115 | D:9      | Reached skill level 11 in Axes
  8209 | D:9      | Found a runed translucent gate.
  8209 | D:9      | Found a runed translucent gate.
  8209 | D:9      | Found a runed translucent gate.
  8459 | D:9      | Noticed jaiteiro's ghost (novice MiFi)
  8477 | D:9      | Found the +4 moon troll leather armour {Spirit, Regen++
                  | MP+5}
  8807 | D:9      | Found a hide-covered altar of Uskayaw.
  8904 | D:10     | Entered Level 10 of the Dungeon
  9280 | D:10     | Noticed a death yak
  9282 | D:10     | Noticed a death yak
  9286 | D:10     | Noticed a death yak
  9286 | D:10     | Noticed a death yak
  9287 | D:10     | Noticed a death yak
  9298 | D:10     | Killed a death yak
  9306 | D:10     | Killed a death yak
  9321 | D:10     | Killed a death yak
  9333 | D:10     | Killed a death yak
  9333 | D:10     | Reached skill level 12 in Axes
  9333 | D:10     | Reached XP level 11. HP: 36/91 MP: 2/17
  9342 | D:10     | Killed a death yak
  9411 | D:10     | Found a staircase to the Lair.
 10542 | D:12     | Found a staircase to the Orcish Mines.
 10675 | D:12     | Noticed a two-headed ogre
 10684 | D:12     | Killed a two-headed ogre
 10727 | D:12     | Noticed a two-headed ogre
 10728 | D:12     | Found Fuminla's Armour Shop.
 10744 | D:12     | Killed a two-headed ogre
 10744 | D:12     | Reached skill level 5 in Evocations
 10755 | D:12     | Reached skill level 13 in Axes
 10794 | D:12     | Noticed a catoblepas
 10816 | D:12     | Killed a catoblepas
 10846 | D:12     | Killed an unseen horror
 11163 | D:12     | Found Ryehong's Pet Rocks.
 11296 | Orc:1    | Entered Level 1 of the Orcish Mines
 11313 | Orc:1    | Reached XP level 12. HP: 91/101 MP: 19/19
 11498 | Lair:1   | Entered Level 1 of the Lair of Beasts
 11566 | Lair:1   | Noticed an eight-headed hydra
 11578 | Lair:1   | Killed a 13-headed hydra
 12246 | Lair:2   | Reached skill level 14 in Axes
 12647 | Lair:2   | Noticed Urug
 12664 | Lair:2   | Killed Urug
 13034 | Lair:3   | Found an ornate altar of the Wu Jian Council.
 13203 | Lair:3   | Found a staircase to the Shoals.
 13747 | Lair:4   | You fall through a shaft!
 13814 | Lair:5   | Reached XP level 13. HP: 111/111 MP: 22/22
 13845 | Lair:5   | Found a gate leading to a gauntlet.
 13871 | Gauntlet | Entered a Gauntlet
 13871 | Gauntlet | Found a transporter.
 13880 | Gauntlet | Found a transporter.
 13895 | Gauntlet | Found a transporter.
 13900 | Gauntlet | Found a transporter.
 13917 | Gauntlet | Found a transporter.
 13935 | Gauntlet | Found a transporter.
 13943 | Gauntlet | Found a large runed translucent door.
 13944 | Gauntlet | Found a large runed translucent door.
 13945 | Gauntlet | Found a large runed translucent door.
 13945 | Gauntlet | Found a large runed translucent door.
 13946 | Gauntlet | Found a runed translucent gate.
 13947 | Gauntlet | Found a transporter.
 13947 | Gauntlet | Found a runed translucent gate.
 13948 | Gauntlet | Found a runed translucent gate.
 13948 | Gauntlet | Noticed a reaper
 13949 | Gauntlet | Found a large runed translucent door.
 13949 | Gauntlet | Found a large runed translucent door.
 13949 | Gauntlet | Found a runed translucent door.
 13949 | Gauntlet | Found a runed translucent door.
 13950 | Gauntlet | Found a large runed translucent door.
 13951 | Gauntlet | Found a large runed translucent door.
 13953 | Gauntlet | Found a transporter.
 13958 | Gauntlet | Found a large runed translucent door.
 13958 | Gauntlet | Found a large runed translucent door.
 13959 | Gauntlet | Found a large runed translucent door.
 13960 | Gauntlet | Found a large runed translucent door.
 13968 | Gauntlet | Found a transporter.
 13980 | Gauntlet | Found a transporter.
 13986 | Gauntlet | Found a transporter.
 14001 | Gauntlet | Found a transporter.
 14019 | Gauntlet | Found a transporter.
 14038 | Gauntlet | Found a transporter.
 14086 | Gauntlet | Found a transporter.
 14086 | Gauntlet | Found a transporter.
 14088 | Gauntlet | Found a transporter.
 14120 | Gauntlet | Found a transporter.
 14124 | Gauntlet | Found a large runed translucent door.
 14125 | Gauntlet | Found a large runed translucent door.
 14278 | Gauntlet | Noticed an entropy weaver
 14278 | Gauntlet | an ice dragon changed into an entropy weaver
 14367 | Gauntlet | Found a large runed translucent door.
 14367 | Gauntlet | Found a large runed translucent door.
 14608 | Gauntlet | Noticed a shadow dragon
 14608 | Gauntlet | an iron troll changed into a shadow dragon
 14630 | Gauntlet | Reached skill level 15 in Axes
 14667 | Gauntlet | Noticed a minotaur
 14688 | Gauntlet | Killed a minotaur
 14720 | Gauntlet | Got a smoking ring mail
 14749 | Lair:5   | Identified the +4 ring mail "Ytorez" {rC+ MR- Int+6 SInv}
                  | (You found it in a Gauntlet)
 14989 | Lair:5   | Noticed Kirke
 15245 | Lair:4   | Found a staircase to the Snake Pit.
 15903 | Lair:5   | Killed Kirke
 16031 | Lair:6   | Entered Level 6 of the Lair of Beasts
 16227 | Lair:6   | Found a staircase to the Slime Pits.
 16379 | Lair:6   | Reached skill level 10 in Fighting
 16794 | Lair:6   | Found a runed translucent door.
 16821 | Lair:6   | Paralysed by a hornet for 1 turns
 16881 | Lair:6   | Paralysed by a hornet for 1 turns
 17324 | Lair:6   | Reached skill level 16 in Axes
 17327 | Lair:6   | Noticed a dire elephant
 17350 | Lair:6   | Killed a dire elephant
 17350 | Lair:6   | Reached XP level 14. HP: 84/121 MP: 18/24
 17829 | Orc:2    | Entered Level 2 of the Orcish Mines
 17869 | Orc:1    | Noticed an orc warlord
 17987 | Orc:1    | Gained mutation: You are clumsy. (Dex -2) [a neqoxec]
 18004 | Orc:1    | Killed an orc warlord
 18480 | Orc:2    | Found a staircase to the Elven Halls.
 18509 | Orc:2    | Found a roughly hewn altar of Beogh.
 18947 | Orc:2    | Found a roughly hewn altar of Beogh.
 18947 | Orc:2    | Found Baigg's Distillery.
 18974 | Orc:2    | Bought a potion of agility for 52 gold pieces
 18974 | Orc:2    | Bought a potion of agility for 52 gold pieces
 18974 | Orc:2    | Bought a potion of curing for 39 gold pieces
 18974 | Orc:2    | Bought a potion of curing for 39 gold pieces
 18974 | Orc:2    | Bought a potion of invisibility for 104 gold pieces
 18974 | Orc:2    | Bought a potion of cancellation for 104 gold pieces
 19022 | Orc:2    | Found a roughly hewn altar of Beogh.
 19082 | Orc:2    | Noticed an orc warlord
 19199 | Orc:2    | Killed an orc warlord
 19238 | Orc:2    | Found Lucvol's Antique Armour Shop.
 19247 | Orc:2    | Found a roughly hewn altar of Beogh.
 19273 | Orc:2    | Found Ecvobla's Antique Weapon Boutique.
 19311 | Orc:2    | Found a roughly hewn altar of Beogh.
 19311 | Orc:2    | Found Woif's Food Emporium.
 19609 | Orc:2    | Bought a slimy plate armour for 896 gold pieces
 19609 | Orc:2    | Bought a pair of embroidered gloves for 240 gold pieces
 19619 | Orc:2    | Identified the +3 plate armour of Impermeability {rN+ Str+3
                  | Int+4} (You bought it in a shop on level 2 of the Orcish
                  | Mines)
 20024 | D:13     | Reached skill level 17 in Axes
 20053 | D:13     | You fall through a shaft for 2 floors!
 20053 | D:15     | Entered Level 15 of the Dungeon
 20306 | D:15     | Found a blossoming altar of Fedhas.
 20338 | D:15     | Found Iddawo Gopu's Antique Weapon Emporium.
 21019 | D:14     | Got a bloodstained ring mail
 21189 | D:13     | Identified the +5 ring mail of the Moon Troll {*Slow rPois
                  | Int+2 Dex+7} (You found it on level 14 of the Dungeon)
 21495 | D:14     | Reached XP level 15. HP: 50/130 MP: 26/26
 21715 | D:14     | Found a gate to the Vaults.
 22026 | D:15     | Bought a smoking battleaxe for 368 gold pieces
 22026 | D:15     | Identified the +5 battleaxe of Muegevup {venom, +Fly rN+
                  | Int+4 Dex+3} (You bought it in a shop on level 15 of the
                  | Dungeon)
 22183 | D:15     | Found a staircase to the Depths.
 22245 | D:15     | Found a corrupted altar of Lugonu.
 22492 | Snake:1  | Entered Level 1 of the Snake Pit
 22835 | Snake:1  | Reached skill level 10 in Evocations
 23347 | Snake:1  | Noticed a nagaraja
 23364 | Snake:1  | Killed a nagaraja
 23796 | Snake:1  | Reached skill level 18 in Axes
 23934 | Snake:1  | Found a runed translucent gate.
 23934 | Snake:1  | Found a runed translucent gate.
 23934 | Snake:1  | Found a runed translucent gate.
 23938 | Snake:1  | Noticed Jol Kept's ghost (adept FoFi)
 23938 | Snake:1  | Noticed Jol Kept's ghost (adept FoFi)
 24347 | Elf:1    | Entered Level 1 of the Elven Halls
 24349 | Elf:1    | Found Loxiokol's Food Emporium.
 24386 | Elf:1    | HP: 1/132 [deep elf archer/arrow (21)]
 25030 | Elf:1    | Identified the Reference Book on Calling
 25281 | Elf:1    | Found Voynoa's Weapon Shop.
 25428 | Elf:1    | Found Ozxuodd's Food Emporium.
 25507 | Elf:1    | Reached XP level 16. HP: 49/139 MP: 28/28
 25786 | Elf:1    | Found Aphod's Gadget Shoppe.
 25794 | Elf:1    | Bought a wand of scattershot (5) for 324 gold pieces
 25794 | Elf:1    | Bought a wand of scattershot (5) for 324 gold pieces
 25950 | Elf:1    | Paralysed by a floating eye for 4 turns
 25964 | Elf:1    | Paralysed by a floating eye for 3 turns
 26584 | Elf:1    | HP: 5/139 [orc knight/+2 glaive of pain (15)]
 27212 | Slime:1  | Entered Level 1 of the Pits of Slime
 27212 | Slime:1  | Noticed an acid blob
 27212 | Slime:1  | Noticed an acid blob
 27212 | Slime:1  | Noticed an acid blob
 27213 | Slime:1  | Noticed an acid blob
 27213 | Slime:1  | Noticed an acid blob
 27217 | Slime:1  | Splashed by an acid blob's acid

Skill      XL: |  1  2  3  4  5  6  7  8  9 10 11 12 13 14 15 16 |
---------------+-------------------------------------------------+-----
Fighting       | 2 3 4 5 6 8 9 10 11 12 | 12.3
Dodging        | 3 4 5 6 7 8 9 |  9.8
Axes           | 3 4 5 7 9 10 12 13 14 16 17 18 | 18.7
Armour         | 1 2 3 4 5 6 7 |  7.5
Evocations     | 1 3 5 7 8 9 10 11 | 11.0
Throwing       | |  1.7

Action                   |  1- 3 |  4- 6 |  7- 9 | 10-12 | 13-15 | 16-18 || total
-------------------------+-------+-------+-------+-------+-------+-------++-------
Melee: War axe           |   110 |   235 |    80 |       |       |       ||   425
       Battleaxe         |       |       |   269 |   783 |   367 |    65 ||  1484
       Broad axe         |       |       |       |       |  1051 |       ||  1051
       Unarmed           |       |       |       |       |     6 |       ||     6
Throw: Throwing net      |       |     1 |     2 |     3 |     3 |       ||     9
Evoke: Wand              |       |       |     2 |     7 |    18 |     6 ||    33
       Phial of floods   |       |       |       |       |     2 |       ||     2
       Lamp of fire      |       |       |       |       |     1 |     1 ||     2
  Use: Scroll            |     4 |     5 |    10 |    16 |    15 |       ||    50
       Potion            |       |     4 |     3 |     2 |    11 |     4 ||    24
 Stab: Sleeping          |     1 |     1 |       |     3 |    20 |       ||    25
       Held in net/web   |       |     1 |     3 |       |       |       ||     4
       Distracted        |       |       |     1 |     1 |     8 |     2 ||    12
       Paralysed         |       |       |     5 |     9 |       |     4 ||    18
  Eat: Chunk             |     1 |     9 |     9 |    19 |    32 |     3 ||    73
       Ration            |       |       |     1 |     1 |     2 |     1 ||     5
Armor: Leather armour    |    40 |    27 |       |       |       |       ||    67
       Ring mail         |       |    39 |   184 |    53 |   167 |    27 ||   470
       Troll leather arm |       |       |       |   242 |   242 |       ||   484
       Chain mail        |       |       |       |    17 |       |       ||    17
       Plate armour      |       |       |       |       |   112 |       ||   112
Dodge: Dodged            |    91 |   149 |   330 |   618 |  1276 |    49 ||  2513
       Deflected         |       |     6 |       |       |       |       ||     6
Block: Other             |       |       |       |   154 |   333 |    10 ||   497
       Reflection        |       |       |       |     7 |    17 |     2 ||    26
